 Dungeon Crawl Stone Soup version 0.21.1-1-g345015fe64 (webtiles) character file.

80 PikkenKukken the Covered (level 4, -3/29 HPs)
             Began as a Gargoyle Fighter on June 7, 2018.
             Was an Initiate of Qazlal.
             Slain by a gnoll (5 damage)
             ... on level 2 of the Dungeon.
             The game lasted 00:03:27 (1428 turns).

PikkenKukken the Covered (Gargoyle Fighter)         Turns: 1428, Time: 00:03:27

Health: -3/29      AC: 10    Str: 20    XL:     4   Next: 39%
Magic:  5/6        EV:  9    Int: 10    God:    Qazlal [......]
Gold:   94         SH:  0    Dex: 10    Spells: 5/5 levels left

rFire    . . .     SeeInvis .   a - +0 flail
rCold    . . .     Gourm    .   (no shield)
rNeg     + . .     Faith    .   b - +0 scale mail
rPois    ∞         Spirit   .   (no helmet)
rElec    +         Reflect  .   (no cloak)
rCorr    .         Harm     .   (no gloves)
MR       .....                  (no boots)
Stlth    ..........             (no amulet)
HPRegen  0.09/turn              c - +2 ring of intelligence
MPRegen  0.10/turn              (no ring)

@: no status effects
A: negative energy resistance 1, electricity resistance, unbreathing,
petrification resistance, rot immunity, AC +3
a: Renounce Religion


You were on level 2 of the Dungeon.
You worshipped Qazlal.
Qazlal was noncommittal.
You were hungry.

You visited 1 branch of the dungeon, and saw 2 of its levels.

You collected 94 gold pieces.

Inventory:

Hand Weapons
 a - a +0 flail (weapon)
Missiles
 e - 30 bolts
Armour
 b - a +0 scale mail (worn)
Jewellery
 c - a +2 ring of intelligence (left hand)
Scrolls
 g - a scroll of magic mapping
Potions
 d - a potion of flight {unknown}
 h - a potion of lignification
Comestibles
 f - 4 rations


   Skills:
 + Level 3.6 Fighting
 + Level 2.7 Maces & Flails
 + Level 4.2 Armour
 + Level 0.4 Dodging
   Level 3.2 Shields
 * Level 1.4 Spellcasting


You had 5 spell levels left.
You didn't know any spells.

Dungeon Overview and Level Annotations

Branches:
Dungeon (2/15)

Altars:
Qazlal


Innate Abilities, Weirdness & Mutations

You are resistant to torment.
Your stone body is resilient. (AC +3)
You are immune to poison.
You resist negative energy. (rN+)
You are resistant to electric shocks. (rElec)
You can survive without breathing.
You are immune to petrification.
You are immune to rotting.


Message History

The gnoll hits you from afar with a halberd.
The gnoll hits you but does no damage.
You closely miss the gnoll.
The gnoll is severely wounded.
The gnoll barely misses you. x2
You hit the gnoll.
The gnoll is almost dead.
The gnoll hits you but does no damage. The gnoll barely misses you.
The gnoll hits you but does no damage. The gnoll barely misses you.
You hit the gnoll.
You kill the gnoll!
Qazlal accepts your kill.
The gnoll hits you from afar with a halberd.
You closely miss the gnoll. The gnoll barely misses you. x2
You barely miss the gnoll. The gnoll hits you. The gnoll barely misses you.
You barely miss the gnoll. The gnoll hits you.
The gnoll hits you from afar with a halberd!
* * * LOW HITPOINT WARNING * * *
The gnoll hits you.
You die...

.....# #........ .#####
#.....# ..#
##########.....# ..#
##..............# ..####
#..).....g......# .....#
#.#######.#.....# .###.#
#.# ### #.......# .# #
#.#######g.....## .#
#.'.._.@g......#
.###+#####.###.###......#
...........# #(# #......#
...(.......###+# #......#
.....>...<...... .......#
..............###########
.......######## ########


You could see 2 gnolls.

Vanquished Creatures
  3 gnolls
  An adder (D:2)
  2 dart slugs (D:1)
  A leopard gecko (D:2)
  A giant cockroach (D:1)
  2 goblins (D:1)
  6 hobgoblins
  4 jackals (D:1)
  A quokka (D:2)
  5 bats
  4 frilled lizards
  4 kobolds (D:1)
  3 rats
37 creatures vanquished.

Notes
Turn   | Place    | Note
-------+----------+-------------------------------------------
     0 | D:1      | PikkenKukken the Gargoyle Fighter began the quest for the Orb.
     0 | D:1      | Reached XP level 1. HP: 14/14 MP: 1/1
    63 | D:1      | Reached XP level 2. HP: 5/19 MP: 2/2
   326 | D:1      | Reached skill level 4 in Armour
   583 | D:1      | Reached XP level 3. HP: 23/23 MP: 2/4
   722 | D:1      | Reached skill level 1 in Spellcasting
  1334 | D:2      | Reached XP level 4. HP: 28/28 MP: 5/5
  1379 | D:2      | Found a stormy altar of Qazlal.
  1384 | D:2      | Became a worshipper of Qazlal Stormbringer
  1428 | D:2      | Slain by a gnoll

Skill      XL: |  1  2  3 |
---------------+----------+-----
Armour         | 4 |  4.2
Spellcasting   | 1 |  1.4
Fighting       | |  3.6
Maces & Flails | |  2.7
Dodging        | |  0.4
Shields        | |  3.2

Action                   |  1- 3 |  4- 6 || total
-------------------------+-------+-------++-------
Melee: Flail             |   104 |    28 ||   132
  Use: Potion            |     4 |       ||     4
       Scroll            |     1 |       ||     1
  Eat: Chunk             |     1 |       ||     1
Armor: Scale mail        |   101 |    24 ||   125
Dodge: Dodged            |    82 |    24 ||   106
